 Dungeon Crawl Stone Soup version 0.32-a0-834-geaf45d8e21 (webtiles) character file.

Game seed: 8453991525308060042

6738 mopl the Carver (level 11, -12/83 HPs)
             Began as a Merfolk Fighter on Mar 25, 2024.
             Was a Believer of Okawaru.
             Killed by divine providence
             ... invoked by a smoke demon
              (16 damage)
             ... on level 2 of the Abyss.
             The game lasted 00:16:24 (9856 turns).

mopl the Carver (Merfolk Fighter)                   Turns: 9856, Time: 00:16:25

Health: -12/83     AC: 14    Str: 20    XL:     11   Next: 4%
Magic:  9/15       EV: 15    Int:  8    God:    Okawaru [**....]
Gold:   200        SH:  0    Dex: 14    Spells: 10/10 levels left

rFire   + + .        b - +2 dagger (elec)
rCold   + + .        c - +0 buckler
rNeg    . . .        G - +1 acid dragon scales
rPois   .            l - +0 helmet
rElec   .            z - scarf {rC+ rF+}
rCorr   +            B - +1 pair of gloves
SInv    +            s - +0 pair of boots
Will    +....        C - amulet "Dakho" {rF+ Regen+ SInv}
Stlth   +            h - ring of willpower
HPRegen 0.00/turn    t - ring of protection from cold
MPRegen 0.14/turn

%: no passive effects
@: confused, afraid, heroic, sick
A: (nimble swimmer 2), mertail
a: Renounce Religion, Heroism


You were on level 2 of the Abyss.
You worshipped Okawaru.
Okawaru was pleased with you.
You visited 2 branches of the dungeon, and saw 10 of its levels.
You visited the Abyss 1 time.
You also visited: Ossuary.

You collected 470 gold pieces.
You spent 270 gold pieces at shops.

Inventory:

Hand Weapons
 a - a +0 long sword
 b - a +2 dagger of electrocution (weapon)
 o - a +0 scythe of flaming
Missiles
 v - 22 poisoned darts (quivered)
 L - 13 boomerangs
 N - 5 datura-tipped darts
 R - 6 darts of dispersal
 W - 2 throwing nets
Armour
 c - a +0 buckler (worn)
 l - a +0 helmet (worn)
 s - a +0 pair of boots (worn)
 z - a scarf of resistance (worn)
 A - a +0 plate armour
 B - a +1 pair of gloves (worn)
 G - +1 acid dragon scales (worn)
 T - a +1 chain mail of fire resistance
Jewellery
 h - a ring of willpower (left hand)
 j - an amulet of reflection
 m - a ring of see invisible
 t - a ring of protection from cold (right hand)
 C - the amulet "Dakho" (around neck) {rF+ Regen+ SInv}
   (You found it on level 5 of the Dungeon)

   [amulet of regeneration]

   rF+:       It protects you from fire.
   SInv:      It lets you see invisible.
   Regen+:    It increases your rate of health regeneration.
 U - a ring of wizardry
Wands
 y - a wand of charming (6)
 X - a wand of mindburst (3)
Scrolls
 e - 5 scrolls of teleportation
 f - a scroll of fear {unknown}
 i - 2 scrolls of torment {unknown}
 k - 3 scrolls of vulnerability
 n - 2 scrolls of blinking {unknown}
 r - 3 scrolls of immolation
 w - a scroll of silence {unknown}
 x - 4 scrolls of enchant weapon {unknown}
 E - a scroll of acquirement {unknown}
 F - 5 scrolls of revelation {unknown}
 H - 4 scrolls of noise
 J - 2 scrolls of poison
 M - a scroll of fog
 S - a scroll of amnesia {unknown}
 V - a scroll of identify
Potions
 d - 3 potions of might
 g - a potion of haste
 p - a potion of resistance
 q - 2 potions of heal wounds
 u - a potion of magic
 D - 4 potions of mutation {!q}
 I - 2 potions of lignification {!q}
 K - a potion of ambrosia
 O - 3 potions of curing
 P - 3 potions of enlightenment
 Q - 2 potions of berserk rage {!q}


   Skills:
 + Level 6.9(11.9) Fighting
 * Level 12.9(17.9) Long Blades
 + Level 5.3(10.3) Throwing
 + Level 4.6(9.6) Armour
 + Level 6.6(11.6) Dodging
 - Level 3.0(8.0) Shields
 + Level 5.6 Invocations
 + Level 3.2 Evocations


You had 10 spell levels left.
You didn't know any spells.
Your spell library contained the following spells:

 Spells                   Type           Power      Damage    Failure   Level
 Magic Dart               Conj           0%         1d3       54%         1
 Shock                    Conj/Air       0%         1d3       54%         1
 Blink                    Tloc           0%         N/A       67%         2
 Frozen Ramparts          Ice            0%         1d1       88%         3
 Ozocubu's Armour         Ice            0%         N/A       88%         3
 Swiftness                Air            0%         N/A       88%         3
 Airstrike                Air            0%         2d(0-16)  99%         4
 Metabolic Englaciation   Hex/Ice        0%         N/A       100%        5
 Call Imp                 Summ           Unusable   N/A       N/A         2

Dungeon Overview and Level Annotations

Branches:
Dungeon (9/15)             Temple (1/1) D:6         Ossuary (visited)
   Lair: D:8-11         Orc: D:9-12

Altars:
Ashenzari
Cheibriados
Dithmenos
Elyvilon
Fedhas
Gozag
Hepliaklqana
Kikubaaqudgha
Makhleb
Nemelex Xobeh
Okawaru
Qazlal
Ru
Sif Muna
Trog
Uskayaw
Vehumet
Wu Jian
Xom
Yredelemnul
Zin
The Shining One

Shops:
D:1 ?   D:6 *   D:8 =


Innate Abilities, Weirdness & Mutations

((You are very nimble when in or above water. (Stealth+, EV+, Speed+++)))
Your lower body shifts to a powerful aquatic tail in water.


Message History

The glowing orange brain pulsates.
You are confused.
The ancient zyme misses you. The ancient zyme barely misses you.
The hellwing hits you!
* * * LOW HITPOINT WARNING * * *
The hellwing hits you.
* * * LOW HITPOINT WARNING * * *
The quasit barely misses you.
The quasit claws you but does no damage. x2
You hit the glowing orange brain.
The glowing orange brain is almost dead.
Unknown command.
You hit the glowing orange brain but do no damage.
The glowing orange brain is almost dead.
The glowing orange brain pulsates.
The quasit closely misses you. The quasit barely misses you.
The quasit misses you.
The ancient zyme hits you but does no damage. x2
The hellwing misses you. The hellwing hits you.
* * * LOW HITPOINT WARNING * * *
You hit the ancient zyme.
The ancient zyme is lightly damaged.
The ancient zyme dissolves into shadows!
Unknown command.
You bump into the stone wall.
The thrashing horror closely misses you.
The thrashing horror tramples you but does no damage.
The thrashing horror tramples you.
* * * LOW HITPOINT WARNING * * *
You hold your ground!
The thrashing horror completely misses you.
The quasit bites you but does no damage.
The quasit closely misses you. The quasit completely misses you.
A starcursed mass comes into view.
The glowing orange brain pulsates.
You resist with almost no effort. The hellwing barely misses you.
The hellwing misses you.
A starcursed mass splits.
The smoke demon gestures at you. Something smites you!
You die...

. . X# #..#
##. .#..
..## ..##
...# # ..
#...### #.#.
XX....#
#..##G.....#
#.4@#.#.#.
#..#X5# . #.
#3#.# #. ..#
.#.# # §..
...# ..#..#
..## . #..
..# ..# ..#
§. . #


You could see 3 starcursed masses, a glowing orange brain (scary), a thrashing
horror, a hellwing (summoned), a smoke demon and a quasit (summoned).

Vanquished Creatures
  Harold (D:9)
  A two-headed ogre (D:8)
  Maggie (D:6)
  A kobold demonologist (D:7)
  Prince Ribbit (D:5)
  Grinder (D:5)
  Sigmund (D:2)
  A shadow (D:9)
  A wyvern (D:8)
  3 yaks (D:9)
  A steam dragon (D:6)
  Duvessa (D:4)
  A water moccasin (D:8)
  2 ice beasts (D:6)
  3 black bears
  2 orc warriors
  A sky beast (D:6)
  3 ogres
  A phantom (D:5)
  3 centaurs
  2 bullfrogs
  5 scorpions
  4 wights (D:8)
  Dowan (D:4)
  6 howler monkeys
  An electric eel (D:8)
  Crazy Yiuf (D:3)
  6 hounds
  2 human zombies (Ossuary)
  3 orc priests (D:8)
  3 sleepcaps
  Ijyb (D:4)
  4 iguanas
  9 orc wizards
  4 mummies (Ossuary)
  4 adders
  A white imp (D:7)
  An adder zombie (Ossuary)
  4 dart slugs
  2 ribbon worms
  41 orcs
  7 ball pythons
  11 bats
  4 endoplasms
  7 giant cockroaches
  4 goblins
  8 hobgoblins
  7 quokkas
  5 frilled lizards (D:1)
  2 goblin zombies (Ossuary)
  4 hobgoblin zombies (Ossuary)
  13 kobolds
  A kobold zombie (Ossuary)
  An orc zombie (Ossuary)
  3 rats
  A rat zombie (Ossuary)
213 creatures vanquished.

Vanquished Creatures (others)
  An unseen horror (D:9)
  A kobold (D:4)
2 creatures vanquished.

Grand Total: 215 creatures vanquished

Notes
Turn   | Place    | Note
-------+----------+-------------------------------------------
     0 | D:1      | mopl the Merfolk Fighter began the quest for the Orb.
     0 | D:1      | Reached XP level 1. HP: 18/18 MP: 1/1
   144 | D:1      | Reached skill level 3 in Long Blades
   226 | D:1      | Reached XP level 2. HP: 24/24 MP: 2/2
   262 | D:1      | Found Gauph's Magic Scroll Boutique.
   279 | D:1      | Bought a scroll of identify for 28 gold pieces
   623 | D:1      | Reached skill level 4 in Long Blades
   945 | D:1      | Reached XP level 3. HP: 28/29 MP: 3/3
  1279 | D:2      | Noticed Sigmund
  1298 | D:2      | Killed Sigmund
  1299 | D:2      | Reached skill level 7 in Long Blades
  1299 | D:2      | Reached XP level 4. HP: 11/35 MP: 4/4
  1299 | D:2      | Reached XP level 5. HP: 13/41 MP: 5/5
  2024 | D:1      | Bought a scroll of teleportation for 42 gold pieces
  2123 | D:3      | Reached XP level 6. HP: 42/47 MP: 6/6
  2255 | D:3      | Found a faded altar of an unknown god.
  2351 | D:3      | Reached skill level 8 in Long Blades
  2446 | D:3      | Found a runed translucent door.
  2448 | D:3      | Noticed Crazy Yiuf
  2463 | D:3      | Killed Crazy Yiuf
  2883 | D:3      | Found a bloodstained altar of Trog.
  3050 | D:4      | Noticed a black bear
  3179 | D:4      | Killed a black bear
  3180 | D:4      | Reached skill level 9 in Long Blades
  3180 | D:4      | Reached XP level 7. HP: 38/52 MP: 7/7
  3254 | D:4      | Found a white marble altar of Elyvilon.
  3254 | D:4      | Found a glowing silver altar of Zin.
  3256 | D:4      | Found a glowing golden altar of the Shining One.
  3329 | D:4      | Became a worshipper of the Shining One
  3371 | D:4      | Noticed Duvessa
  3371 | D:4      | Noticed Dowan
  3389 | D:4      | Killed Duvessa
  3395 | D:4      | Killed Dowan
  3396 | D:4      | Reached skill level 1 in Dodging
  3419 | D:4      | Reached skill level 1 in Throwing
  3419 | D:4      | Reached skill level 1 in Invocations
  3629 | D:4      | Noticed Ijyb
  3676 | D:4      | Killed Ijyb
  3772 | D:4      | Reached XP level 8. HP: 47/60 MP: 7/9
  4221 | D:4      | Reached skill level 4 in Fighting
  4221 | D:4      | Reached skill level 2 in Dodging
  4358 | D:4      | Reached skill level 10 in Long Blades
  4358 | D:4      | Reached skill level 2 in Invocations
  4508 | D:5      | Entered Level 5 of the Dungeon
  4526 | D:4      | Reached skill level 2 in Throwing
  4667 | D:5      | Found a blossoming altar of Fedhas.
  4667 | D:5      | Identified the amulet "Dakho" {rF+ Regen+ SInv}
  4777 | D:5      | Identified the +2 robe of the Eleven Mouths {Int+3}
  4916 | D:5      | Noticed Grinder
  4970 | D:5      | Killed Grinder
  4971 | D:5      | Reached skill level 3 in Armour
  4971 | D:5      | Reached skill level 3 in Dodging
  5062 | D:5      | Noticed Prince Ribbit
  5073 | D:5      | Killed Prince Ribbit
  5074 | D:5      | Reached skill level 3 in Invocations
  5074 | D:5      | Reached XP level 9. HP: 58/67 MP: 11/11
  5153 | D:5      | Reached skill level 3 in Throwing
  5605 | D:6      | Reached skill level 5 in Fighting
  5630 | D:6      | Noticed Maggie
  5647 | D:6      | Killed Maggie
  5648 | D:6      | Reached skill level 11 in Long Blades
  5648 | D:6      | Reached skill level 4 in Dodging
  5837 | D:6      | Found Meunt's General Store.
  5840 | D:6      | Bought a scroll of noise for 11 gold pieces
  5840 | D:6      | Bought a potion of lignification for 33 gold pieces
  5840 | D:6      | Bought a scroll of poison for 44 gold pieces
  5954 | D:6      | Reached skill level 4 in Invocations
  5964 | D:6      | Found a staircase to the Ecumenical Temple.
  5974 | Temple   | Entered the Ecumenical Temple
  5990 | Temple   | Fell from the grace of the Shining One
  5990 | Temple   | Became a worshipper of Warmaster Okawaru
  6364 | D:6      | Found a hazy altar of Hepliaklqana.
  6505 | D:1      | Bought a scroll of fog for 56 gold pieces
  6505 | D:1      | Bought a scroll of vulnerability for 56 gold pieces
  6654 | D:6      | Reached skill level 5 in Dodging
  6658 | D:6      | Reached skill level 4 in Throwing
  6696 | D:6      | Reached skill level 1 in Evocations
  6881 | D:7      | Found a sand-covered staircase.
  6888 | Ossuary  | Entered an ossuary
  6920 | Ossuary  | Reached XP level 10. HP: 76/76 MP: 13/13
  6951 | Ossuary  | Reached * piety under Okawaru
  7193 | D:7      | Found a shadowy altar of Dithmenos.
  7242 | D:7      | Noticed a kobold demonologist
  7275 | D:7      | Killed a kobold demonologist
  7276 | D:7      | Reached skill level 6 in Fighting
  7276 | D:7      | Reached skill level 4 in Armour
  7325 | D:7      | Reached skill level 12 in Long Blades
  7369 | D:7      | Found a basalt altar of Yredelemnul.
  7399 | D:7      | Found an ornate altar of the Wu Jian Council.
  7606 | D:8      | Found a sparkling altar of Nemelex Xobeh.
  7686 | D:8      | Reached ** piety under Okawaru
  7687 | D:8      | Reached skill level 2 in Evocations
  7869 | D:8      | Found Qipeobyli's Jewellery Emporium.
  8028 | D:8      | Found a snail-covered altar of Cheibriados.
  8034 | D:8      | Found a sacrificial altar of Ru.
  8035 | D:8      | Found a burning altar of Makhleb.
  8038 | D:8      | Found a shimmering altar of Xom.
  8119 | D:8      | Reached skill level 5 in Invocations
  8248 | D:8      | Found an ancient bone altar of Kikubaaqudgha.
  8292 | D:8      | Found a broken altar of Ashenzari.
  8375 | D:8      | Noticed a two-headed ogre
  8828 | D:8      | Found a sparkling altar of Nemelex Xobeh.
  8828 | D:8      | Found a snail-covered altar of Cheibriados.
  8840 | D:8      | Found a sacrificial altar of Ru.
  8841 | D:8      | Found a burning altar of Makhleb.
  8844 | D:8      | Found a shimmering altar of Xom.
  8915 | D:8      | Killed a two-headed ogre
  8916 | D:8      | Reached skill level 6 in Dodging
  8985 | D:8      | Found an ancient bone altar of Kikubaaqudgha.
  9032 | D:8      | Found a broken altar of Ashenzari.
  9254 | D:8      | Found Qipeobyli's Jewellery Emporium.
  9513 | D:9      | Noticed Harold
  9544 | D:9      | Killed Harold
  9545 | D:9      | Reached skill level 5 in Throwing
  9646 | D:9      | Reached skill level 3 in Evocations
  9657 | D:9      | Reached *** piety under Okawaru
  9662 | D:9      | Reached XP level 11. HP: 83/83 MP: 15/15
  9791 | Abyss:1  | Cast into level 1 of the Abyss (gnoll sergeant)
  9792 | Abyss:1  | Noticed a wretched star
  9798 | Abyss:2  | Found a corrupted altar of Lugonu.
  9821 | Abyss:2  | Noticed a thrashing horror
  9825 | Abyss:2  | Noticed a glowing orange brain
  9855 | Abyss:2  | Noticed a starcursed mass
  9855 | Abyss:2  | Noticed a thrashing horror
  9856 | Abyss:2  | HP: 4/83 [thrashing horror (2)]
  9856 | Abyss:2  | Noticed a starcursed mass
  9856 | Abyss:2  | Killed from afar by a smoke demon

Illustrated notes

Levels and vault maps discovered:
D:1:      kilobyte_arrival_exit_the_forest, layout_loops_corners, serial_shops,
          shop, serial_bayou, serial_bayou_ford_a, serial_bayou_shore_b,
          serial_bayou_pond_c, serial_bayou_pond_e
D:2:      layout_basic, serial_co_window_serial, co_window_corner_a,
          co_window_corner_a, co_window_corner_a, co_window_paths_a,
          co_window_corner_a, co_window_of_opportunity_a,
          co_window_of_opportunity_a, co_window_paths_a, co_window_paths_a,
          co_window_corner_b, co_window_broadway_a, co_window_paths_c,
          co_window_broadway_b, co_window_unsneaky_path_d, co_window_4corner_a,
          co_window_paths_e, glass_columns_a, glass_columns_b, glass_columns_c,
          glass_columns_a, uniq_sigmund
D:3:      layout_loops_cross, mainiacjoe_overflow_chevrons,
          hellmonk_ecumenical_altar_blasted, serial_bayou_pond_d,
          amcnicky_mini_corridor_feature, minmay_circle_x,
          uniq_crazy_yiuf_cottage
D:4:      cheibrodos_barr_body, layout_rooms, dreamdust_divine_triumvirate,
          corexii_shack, uniq_ijyb, uniq_duvessa
D:5:      layout_layer_cave, fedhas_altar_1, uniq_grinder, uniq_prince_ribbit1
D:6:      layout_basic, kennysheep_mini, minmay_temple_entry_statues,
          serial_shops, nicolae_shop_tiny_real_fake_doors, uniq_maggie
D:7:      layout_rooms, nicolae_overflow_hidden_temple, grunt_dithmenos_smoke,
          nicolae_wu_jian_wuxing_cycle, chequers_ossuary_entry_cave
D:8:      layout_basic, evilmike_ruin_ashenzari, minitemple, lemuel_tele_altar,
          hex_tiny, nicolae_wooded_promenade
D:9:      layout_rooms, uniq_harold
Temple:   nicolae_temple_superstar
Abyss:2:  base:
D:3

Skill      XL: |  1  2  3  4  5  6  7  8  9 10 |
---------------+-------------------------------+-----
Long Blades    | 3 4 7 9 10 11 12 | 12.9
Dodging        | 1 3 5 6 |  6.6
Throwing       | 1 2 4 5 |  5.3
Invocations    | 1 3 4 5 |  5.6
Fighting       | 4 5 6 |  6.9
Armour         | 3 4 |  4.6
Evocations     | 1 3 |  3.2
Shields        | |  3.0

Action                     |  1- 3 |  4- 6 |  7- 9 | 10-12 || total
---------------------------+-------+-------+-------+-------++-------
  Melee: Long sword        |   121 |   129 |   389 |   229 ||   868
         Dagger            |       |    28 |   148 |   197 ||   373
  Throw: Dart              |       |       |       |     6 ||     6
 Invoke: Heroism           |       |       |       |     3 ||     3
    Use: Scroll            |     2 |       |       |     7 ||     9
         Potion            |       |     1 |       |       ||     1
 Armour: Scale mail        |    76 |   144 |   101 |       ||   321
         Plate armour      |       |       |   108 |       ||   108
         Acid dragon scale |       |       |   106 |   257 ||   363
  Dodge: Dodged            |    48 |    40 |   162 |   219 ||   469
  Block: Buckler           |    55 |    93 |   165 |    80 ||   393
         Reflection        |     1 |       |     1 |       ||     2

Table legend: (Time is in decaauts)
 A = Elapsed time spent in this place.
 B = Non-inter-level travel time spent in this place.
 C = Inter-level travel time spent in this place.
 D = Time resting spent in this place.
 E = Time spent auto-exploring this place.
 F = Levels seen in this place.
 G = Mean time per level.
                   A        B        C        D        E       F      G
               +--------+--------+--------+--------+--------+-----+--------+
         Total |   9669 |   8941 |    728 |   1036 |   5435 |  13 |  743.8 |
       Dungeon |   9385 |   8658 |    727 |   1036 |   5353 |   9 | 1042.8 |
        Temple |     31 |     31 |      0 |      0 |      0 |   1 |   31.0 |
         Abyss |     49 |     49 |      0 |      0 |      0 |   2 |   24.5 |
       Ossuary |    202 |    202 |      0 |      0 |     82 |   1 |  202.0 |
               +--------+--------+--------+--------+--------+-----+--------+

Top non-repeatable levels by time:
     D:8: 1830 daAuts
     D:3: 1295 daAuts
     D:4: 1281 daAuts
     D:2: 1121 daAuts
     D:1: 1059 daAuts
     D:5: 1020 daAuts
     D:6: 831 daAuts
     D:7: 662 daAuts
     D:9: 282 daAuts
 Ossuary: 202 daAuts
 Abyss:2: 43 daAuts
  Temple: 31 daAuts
 Abyss:1: 6 daAuts
